 Dungeon Sprint DCSS version 0.21-a0-426-g98080a9 (webtiles) character file.

23 Kidiri the Ruffian (level 2, 0/26 HPs)
             Began as a Draconian Transmuter on Nov 6, 2017.
             Was a Follower of Sif Muna.
             Slain by an iguana (8 damage)
             ... in the Dungeon (Sprint VII: "The Pits").
             The game lasted 00:01:25 (336 turns).

Kidiri the Ruffian (Draconian Transmuter)            Turns: 336, Time: 00:01:26

Health: 0/26       AC:  4    Str: 12    XL:     2   Next: 75%
Magic:  3/5        EV: 13    Int: 13    God:    Sif Muna [*.....]
Gold:   0          SH:  0    Dex: 11    Spells: 3/6 levels left

rFire    . . .     SeeInvis .     - Unarmed
rCold    . . .     Gourm    .   (no shield)
rNeg     . . .     Faith    .   (armour unavailable)
rPois    .         Spirit   .   (helmet restricted)
rElec    .         Reflect  .   (no cloak)
rCorr    .         Harm     .   (no gloves)
MR       .....     NoTele   +   (no boots)
Stlth    ++........             (no amulet)
HPRegen  0.08/turn              (no ring)
MPRegen  0.09/turn              (no ring)

@: appendage (expiring)
A: unfitting armour, horns 2, cold-blooded, AC +4
a: End Transformation, Divine Energy, Renounce Religion


You were in the Dungeon.
You worshipped Sif Muna.
Sif Muna was aware of your devotion.
You were not hungry.
You had grown temporary horns.
You visited 1 branch

Inventory:

Missiles
 a - 11 arrows
Scrolls
 i - a scroll of blinking
 l - 3 scrolls of remove curse
 m - 5 scrolls of amnesia
 n - a scroll of summoning
Potions
 f - a potion of haste
 g - 4 potions of magic
 h - 3 potions of berserk rage
 k - 2 potions of invisibility
Books
 b - a book of Changes

   Spells                             Type                      Level
   a - Beastly Appendage              Transmutation                1
   b - Sticks to Snakes               Transmutation                2
   c - Spider Form                    Transmutation/Poison         3
   d - Ice Form                       Ice/Transmutation            4
   e - Blade Hands                    Transmutation                5
Comestibles
 c - 8 bread rations
 j - 9 chunks of flesh
 o - 40 fruits
 p - 7 meat rations


   Skills:
 * Level 3.0 Fighting
 * Level 2.9 Dodging
 + Level 1.4 Stealth
 * Level 4.0 Unarmed Combat
 + Level 2.5 Spellcasting
 + Level 2.7 Transmutations


You had 3 spell levels left.
You knew the following spells:

 Your Spells              Type           Power        Failure   Level  Hunger
a - Beastly Appendage     Tmut           #.....       8%          1    #......
b - Sticks to Snakes      Tmut           #.......     12%         2    ###....


Dungeon Overview and Level Annotations

Branches:
Dungeon (1/1)

Altars:
Ashenzari
Cheibriados
Dithmenos
Elyvilon
Fedhas
Gozag
Hepliaklqana
Kikubaaqudgha
Makhleb
Nemelex Xobeh
Okawaru
Qazlal
Ru
Sif Muna
Trog
Uskayaw
Vehumet
Wu Jian
Xom
Yredelemnul
Zin
The Shining One
Beogh
Jiyva
Lugonu

Annotations:
D exclusions: 6 doors and 6 more exclusions


Innate Abilities, Weirdness & Mutations

Your plain brown scales are hard. (AC +4)
You cannot fit into any form of body armour.
You are cold-blooded and may be slowed by cold attacks.
You have a pair of horns on your head.


Message History

You are too injured to fight recklessly!
You are too injured to fight recklessly!
Unknown command.
Casting: Beastly Appendage
Confirm with . or Enter, or press ? or * to list all spells.
You create a snake!
You now have 11 arrows.
The iguana barely misses you.
Unknown command.
Your transformation is almost over.
Your adder bites the iguana but does no damage.
There is an open door here.
Unknown command.
You barely miss the iguana.
The iguana is lightly wounded.
Your adder bites the iguana but does no damage.
Unknown command.
You barely miss the iguana.
You headbutt the iguana, but do no damage.
The iguana is lightly wounded.
The iguana bites you!
You die...

#.?(.+)))+.##......#..#...
##########.##.............
#...........'.............
#+#####'#####......#..#...
#.S#.).'.##.............
#..#...#.#####+#####++##
#..#####.##.......#
#..'..S#รท##.......#
#..'..l@.##.......#
#..########...<...# #..
#.......# #.. #.......#
### #.......# #########


You could see an iguana and a friendly adder.

Vanquished Creatures
  An adder (D)
  An ooze (D)
  An orc (D)
  4 jackals (D)
  2 frilled lizards (D)
  A jackal zombie (D)
10 creatures vanquished.

Notes
Turn   | Place    | Note
-------+----------+-------------------------------------------
     0 | D        | Kidiri the Draconian Transmuter began the quest for the Orb.
     0 | D        | Reached XP level 1. HP: 16/16 MP: 3/3
    71 | D        | Found a bloodstained altar of Trog.
    71 | D        | Found a deep blue altar of Sif Muna.
    71 | D        | Found a viscous altar of Jiyva.
    71 | D        | Found a hazy altar of Hepliaklqana.
    71 | D        | Found an opulent altar of Gozag.
    72 | D        | Found a glowing golden altar of the Shining One.
    72 | D        | Found a glowing silver altar of Zin.
    72 | D        | Found a basalt altar of Yredelemnul.
    72 | D        | Found a shimmering altar of Xom.
    72 | D        | Found an ornate altar of the Wu Jian Council.
    72 | D        | Found a sacrificial altar of Ru.
    72 | D        | Found a stormy altar of Qazlal.
    72 | D        | Found an iron altar of Okawaru.
    72 | D        | Found a sparkling altar of Nemelex Xobeh.
    72 | D        | Found a burning altar of Makhleb.
    72 | D        | Found a blossoming altar of Fedhas.
    72 | D        | Found a white marble altar of Elyvilon.
    72 | D        | Found a shadowy altar of Dithmenos.
    72 | D        | Found a snail-covered altar of Cheibriados.
    75 | D        | Found a corrupted altar of Lugonu.
    75 | D        | Found a radiant altar of Vehumet.
    75 | D        | Found a roughly hewn altar of Beogh.
    76 | D        | Found an ancient bone altar of Kikubaaqudgha.
    76 | D        | Found a hide-covered altar of Uskayaw.
    76 | D        | Found a shattered altar of Ashenzari.
    77 | D        | Became a worshipper of Sif Muna the Loreminder
   253 | D        | Reached skill level 1 in Stealth
   253 | D        | Reached XP level 2. HP: 23/25 MP: 3/5
   265 | D        | Reached * piety under Sif Muna
   298 | D        | Learned a level 2 spell: Sticks to Snakes
   327 | D        | Reached skill level 4 in Unarmed Combat
   336 | D        | Slain by an iguana

Vault maps used:
D:        pitsprint

Skill      XL: |  1  2 |
---------------+-------+-----
Dodging        | 2 |  2.9
Fighting       | 2 3 |  3.0
Stealth        | 1 |  1.4
Unarmed Combat | 4 |  4.0
Spellcasting   | |  2.5
Transmutations | |  2.7

Action                   || total
-------------------------++-------
Melee: Unarmed           ||    46
       Tailslap          ||     7
       Kick              ||     4
       Headbutt          ||     3
       Punch             ||     1
 Cast: Beastly Appendage ||     5
       Sticks to Snakes  ||     1
  Use: Potion            ||     2
Armor: Skin              ||    12
Dodge: Dodged            ||    31

Table legend:
 A = Spawn XP
 B = Non-spawn XP
 C = Spawn XP percentage of total XP
 D = Spawn monster count
 E = Non-spawn monster count
 F = Spawn count percentage of total count
 G = Total turns spent on level
                    A         B        C        D         E        F      G
               +---------+---------+-------+---------+---------+-------+---------
         Total |       0 |      34 |   0.0 |       0 |      10 |   0.0 |   336
               +---------+---------+-------+---------+---------+-------+---------
             D |       0 |      34 |   0.0 |       0 |      10 |   0.0 |   336
               +---------+---------+-------+---------+---------+-------+---------
